 Dungeon Crawl Stone Soup version 0.31-a0-640-g39d97e502b (webtiles) character file.

Game seed: 3620013612548399209

9132 ytrimaz the Grappler (level 11, -6/86 HPs)
             Began as a Demonspawn Shapeshifter on Aug 28, 2023.
             Was an Elder of Makhleb.
             Mangled by a kobold brigand
             ... wielding a +1 short sword of freezing
              (7 damage)
             ... on level 11 of the Dungeon.
             The game lasted 00:14:49 (11019 turns).

ytrimaz the Grappler (Demonspawn Shapeshifter)     Turns: 11019, Time: 00:14:49

Health: -6/86      AC: 23    Str: 16    XL:     11   Next: 19%
Magic:  17/17      EV:  6    Int: 13    God:    Makhleb [****..]
Gold:   899        SH:  0    Dex: 14    Spells: 10/10 levels left

rFire   . .          .
                       - Unarmed
rCold   . . .        (no shield)
rNeg    . . .        y - +0 plate armour
rPois   .            (helmet currently unavailable)
rElec   .            (cloak currently unavailable)
rCorr   .            (gloves currently unavailable)
SInv    .            (boots currently unavailable)
Will    .....        (no amulet) Stlth
                     G - +4 ring of protection
HPRegen 0.34/turn    B - +4 ring of protection
MPRegen 0.15/turn

%: no passive effects
@: lethally poisoned (-6 -> -33), beast-form, studying Unarmed Combat
A: beast (slay +4), claws 1, yellow scales 1, powered by death 2
a: Begin Untransformation, Renounce Religion, Minor Destruction, Lesser Servant
of Makhleb, Major Destruction


You were on level 11 of the Dungeon.
You worshipped Makhleb.
Makhleb was greatly pleased with you.
You were a hulking beast.
You visited 3 branches of the dungeon, and saw 13 of its levels.
You also visited: Sewer and Ossuary.

You collected 899 gold pieces.


Innate Abilities, Weirdness & Mutations

You are a hulking beast.
Your limbs bulge with bestial killing power. (Slay +4)
You have sharp fingernails.
You are partially covered in yellow scales. (AC +2)
You regenerate health from kills.


   Skills:
 + Level 8.2 Fighting
 - Level 7.0 Armour
 + Level 3.1 Dodging
 - Level 10.1 Unarmed Combat
 - Level 9.0 Invocations
 - Level 7.0 Shapeshifting


You had 10 spell levels left.
You didn't know any spells.
Your spell library contained the following spells:

 Spells                   Type           Power      Damage    Failure   Level
 Apportation              Tloc           0%         N/A       100%        1
 Magic Dart               Conj           0%         1d3       100%        1
 Necrotise                Necr           0%         1d4       100%        1
 Sting                    Tmut/Pois      0%         1d3       100%        1
 Summon Small Mammal      Summ           0%         N/A       100%        1
 Poisonous Vapours        Pois/Air       0%         N/A       100%        2
 Searing Ray              Conj           0%         2d4       100%        2
 Portal Projectile        Hex/Tloc       0%         N/A       100%        3
 Tukima's Dance           Hex            0%         N/A       100%        3
 Fulminant Prism          Conj/Hex       0%         3d5       100%        4
 Iskenderun's Mystic Bla  Conj/Tloc      0%         2d3       100%        4
 Olgreb's Toxic Radiance  Pois           0%         N/A       100%        4

Inventory:

Armour
 a - a +0 animal skin
 y - a +0 plate armour (worn)
   (You found it on level 5 of the Dungeon)
Jewellery
 i - a ring of fire
   (You found it on level 10 of the Dungeon)
 l - a ring of magical power
   (You found it on level 1 of the Dungeon)
 s - a ring of fire
   (You found it on level 3 of the Dungeon)
 v - a ring of magical power
   (You found it on level 4 of the Dungeon)
 w - a +5 ring of evasion
   (You found it in a sewer)
 x - a ring of fire
   (You found it on level 5 of the Dungeon)
 B - a +4 ring of protection (right claw)
   (You found it on level 5 of the Dungeon)
 G - a +4 ring of protection (left claw)
   (You found it on level 9 of the Dungeon)
Talismans
 c - a beast talisman (active)
 d - a flux talisman
Scrolls
 b - 2 scrolls of vulnerability
 f - a scroll of silence
 g - 2 scrolls of enchant weapon
 h - a scroll of brand weapon
 r - 3 scrolls of enchant armour
 t - 3 scrolls of teleportation
 C - a scroll of fog
 F - 2 scrolls of fear
 I - a scroll of poison
 K - a scroll of noise
Potions
 e - 6 potions of degeneration
 k - 4 potions of attraction
 m - 4 potions of curing
 n - a potion of cancellation
 o - 3 potions of brilliance
 p - 2 potions of might
 q - a potion of haste
 u - a potion of ambrosia
 z - 2 potions of berserk rage {unknown}
 A - a potion of enlightenment {unknown}
 D - 2 potions of mutation
 E - 2 potions of resistance {unknown}
 L - a potion of heal wounds

Dungeon Overview and Level Annotations

Branches:
Dungeon (11/15) Zot: 26692  Temple (1/1) D:4 Zot: 5944    Lair (1/5) D:8 Zot: 5998
    Orc (0/2) D:9           Sewer (visited)         Ossuary (visited)

Altars:
Ashenzari
Cheibriados
Dithmenos
Fedhas
Gozag
Hepliaklqana
Kikubaaqudgha
Makhleb
Nemelex Xobeh
Okawaru
Qazlal
Ru
Sif Muna
Trog
Uskayaw
Vehumet
Wu Jian
Xom
Yredelemnul

Shops:
D:8 *:(

Annotations:
D:3 2 transporters, justen's ghost, amateur DsBe
D:6 2 transporters, wormstring's ghost, novice DsSh
D:11 1 transporter
Lair:1 Nergalle

#### #.. ###.# #
##.#.###.#
#.###4#......# #.
#...KK...#####...
.###h...........
#.....KKK..........
.##.###......###..
##.......#
.....###.##
####.###.# ... #w
#.....# #'#
≈§§#≈≈####..# #.#
PP§PP#:[#..# #.#


You could see a rust devil (summoned), a kobold demonologist, 3 kobold brigands
and a kobold.


Message History

😕 HP[-1]
You take 1 damage, and now have 83/86 hp.
You barely miss the kobold brigand.
You feel sick.
A kobold comes into view. It is wielding a +0 whip. 😕 HP[-1]
You take 1 damage, and now have 82/86 hp.
Unknown command.
You closely miss the kobold brigand.
The kobold brigand hits you with a +1 short sword of freezing.
The kobold brigand freezes you.
The kobold brigand throws a curare-tipped dart.
The curare-tipped dart barely misses you. 😕 HP[-5]
You take 5 damage, and now have 77/86 hp.
You feel sick.
The kobold brigand throws a curare-tipped dart.
The curare-tipped dart closely misses you.
The kobold brigand hits you but does no damage.
You barely miss the kobold brigand.
You feel sick.
You are no longer poisoned.
The kobold brigand hits you but does no damage.
The kobold brigand throws a curare-tipped dart.
The curare-tipped dart hits you.
You are poisoned.
You have difficulty breathing.
You feel yourself slow down.
The kobold demonologist looks satisfied for a moment. 😕 HP[-8]
You take 8 damage, and now have 69/86 hp.
You claw the kobold demonologist!
You feel very sick.
The kobold brigand hits you but does no damage.
The kobold demonologist hits you but does no damage. 😕 HP[-4]
You take 4 damage, and now have 65/86 hp.
Unknown command.
You barely miss the kobold demonologist.
You feel very sick.
The kobold brigand throws a curare-tipped dart.
The curare-tipped dart hits you.
You are more poisoned.
You have difficulty breathing.
You feel as though you will be slow longer.
The kobold brigand hits you with a +1 short sword of freezing.
The kobold brigand freezes you.
The kobold demonologist hits you but does no damage. 😮 HP[-15]
You take 15 damage, and now have 50/86 hp.
You scratch the kobold demonologist but do no damage.
You feel very sick.
The kobold brigand throws a curare-tipped dart.
The curare-tipped dart hits you.
You are more poisoned.
You have difficulty breathing.
* * * LOW HITPOINT WARNING * * *
You feel as though you will be slow longer.
The kobold brigand barely misses you. The kobold barely misses you.
The kobold brigand hits you but does no damage.
The kobold demonologist closely misses you.
The kobold brigand hits you but does no damage.
The kobold hits you but does no damage.
The kobold demonologist looks braver for a moment.
The kobold brigand hits you with a +1 short sword of freezing.
* * * LOW HITPOINT WARNING * * *
The kobold brigand freezes you.
* * * LOW HITPOINT WARNING * * *
You claw the kobold demonologist!
* * * LOW HITPOINT WARNING * * *
You feel extremely sick.
The kobold brigand hits you but does no damage.
The kobold hits you but does no damage.
The kobold brigand hits you but does no damage. x2
The kobold demonologist hits you but does no damage. 😨 HP[-28]
You take 28 damage, and now have 22/86 hp.
MASSIVE DAMAGE!! (PAUSE)
You barely miss the kobold demonologist.
* * * LOW HITPOINT WARNING * * *
You feel very sick.
The kobold brigand hits you but does no damage.
You are lethally poisoned!
The kobold brigand hits you with a +0 club.
* * * LOW HITPOINT WARNING * * *
The kobold hits you but does no damage. The kobold brigand barely misses you.
The kobold demonologist gestures wildly while chanting. 😱 HP[-7]
You take 7 damage, and now have 15/86 hp.
Unknown command.
Your magical effects are unravelling.
You feel magically purged.
You feel yourself speed up.
* * * LOW HITPOINT WARNING * * *
You feel extremely sick.
The kobold brigand hits you with a +2 dagger of venom.
* * * LOW HITPOINT WARNING * * *
You are more poisoned.
The kobold brigand hits you with a +0 club.
* * * LOW HITPOINT WARNING * * *
The kobold brigand hits you with a +1 short sword of freezing!
You die...

Skill      XL: |  1  2  3  4  5  6  7  8  9 10 11 |
---------------+----------------------------------+-----
Unarmed Combat | 3 4 5 7 8 10 | 10.1
Shapeshifting  | 3 4 5 6 7 |  7.0
Invocations    | 1 4 6 9 |  9.0
Armour         | 3 6 7 |  7.0
Fighting       | 4 7 8 |  8.2
Dodging        | 3 |  3.1

Action                     |  1- 3 |  4- 6 |  7- 9 | 10-12 || total
---------------------------+-------+-------+-------+-------++-------
  Melee: Unarmed           |   113 |   277 |   359 |   327 ||  1076
         Punch             |     3 |     4 |    22 |    22 ||    51
    Use: Potion            |     2 |     3 |    10 |     1 ||    16
         Scroll            |       |       |     2 |    13 ||    15
   Stab: Sleeping          |       |     2 |       |       ||     2
 Armour: Animal skin       |    19 |    64 |     1 |       ||    84
         Skin              |       |    48 |       |       ||    48
         Plate armour      |       |       |   266 |   255 ||   521
  Dodge: Dodged            |    88 |   177 |   199 |   130 ||   594

Levels and vault maps discovered:
D:1:      giann_wishing_wells, layout_loops_ring, corner_web_ring
D:2:      minmay_chambers_of_ones, layout_basic, shapermc_ecumenical_altar_petra
D:3:      layout_basic, evilmike_ruin_ashenzari, mainiacjoe_overflow_catwalk,
          gammafunk_ghost_stat_death, minmay_fractal_squares_5
D:4:      layout_basic, lemuel_doored_altar, lightli_temple_of_fire,
          minmay_temple_entry_sparse_star, gup_sewer_entry_glass,
          minmay_misc_feat_more_columns
D:5:      layout_gridville, lemuel_tele_altar, lemuel_coloured_pillars_altar
D:6:      layout_basic, general_overflow_altar, grunt_gozag_statues,
          gammafunk_ghost_smash, serial_bayou_pond_e, dk_rats_in_the_wall,
          uniq_menkaure, uniq_prince_ribbit1
D:7:      layout_gridville, yredelemnul_forgotten_temple_becter
D:8:      layout_gridville, kennysheep_slug_shrine, dpeg_oklobed_lair,
          lightli_ossuary_entry_decrepit_ruins, serial_shops, shop,
          nicolae_shop_window_shopping, shop, uniq_joseph
D:9:      layout_basic, minmay_orc_entry_temple_small
D:10:     nicolae_cairo_tiling_large, layout_loops_ring, jmf_multi_god_temple,
          hangedman_decor_peaks_small
D:11:     gammafunk_worm_tunnel, layout_loops_corners,
          portal_ice_cave_entry_ice_simulacra, trog_antimagical
Temple:   hellmonk_temple_rainy
Lair:1:   layout_gridlike, uniq_harold, uniq_nergalle

Notes
Turn   | Place    | Note
-------+----------+-------------------------------------------
     0 | D:1      | ytrimaz the Demonspawn Shapeshifter began the quest for the
                  | Orb.
     0 | D:1      | Reached XP level 1. HP: 15/15 MP: 1/1
     0 | D:1      | magus.rc [v1.9.6]
   378 | D:1      | Reached skill level 3 in Unarmed Combat
   420 | D:1      | Reached skill level 3 in Shapeshifting
   420 | D:1      | Gained mutation: You regenerate a little health from kills.
                  | [demonic ancestry]
   420 | D:1      | Reached XP level 2. HP: 18/21 MP: 2/2
   555 | D:1      | You pick up a book of Conjurations and begin reading...
   555 | D:1      | You add the spells Magic Dart, Searing Ray and Fulminant
                  | Prism to your library.
   602 | D:1      | You fall into a shaft and drop 1 floor!
   618 | D:2      | HP: 5/21 [ball python (3)]
   676 | D:2      | Gained mutation: You are partially covered in yellow
                  | scales. (AC +2) [demonic ancestry]
   676 | D:2      | Reached XP level 3. HP: 15/26 MP: 3/3
  1645 | D:2      | Found a faded altar of an unknown god.
  1713 | D:2      | Reached XP level 4. HP: 29/32 MP: 4/4
  1839 | D:3      | Found a transporter.
  1902 | D:3      | You pick up a book of Weapons and begin reading...
  1902 | D:3      | You add the spells Tukima's Dance, Portal Projectile and
                  | Iskenderun's Mystic Blast to your library.
  1929 | D:3      | Found a broken altar of Ashenzari.
  1959 | D:3      | You pick up a book of Cantrips and begin reading...
  1959 | D:3      | You add the spells Necrotise, Summon Small Mammal and
                  | Apportation to your library.
  1996 | D:3      | Found a transporter.
  2010 | D:3      | Noticed justen's ghost (amateur DsBe)
  2155 | D:3      | Reached skill level 4 in Unarmed Combat
  2253 | D:3      | Gained mutation: You have sharp fingernails. [demonic
                  | ancestry]
  2253 | D:3      | Reached XP level 5. HP: 20/37 MP: 5/5
  2255 | D:3      | HP: 13/55 [frozen (4)]
  2263 | D:3      | Reached skill level 4 in Shapeshifting
  2635 | D:4      | HP: 8/37 [gnoll/+0 spear (5)]
  2640 | D:4      | HP: 8/37 [gnoll/+0 spear (4)]
  2762 | D:4      | Found a glowing drain.
  2775 | D:4      | Found a staircase to the Ecumenical Temple.
  2808 | Sewer    | Entered a sewer
  2951 | Sewer    | Reached XP level 6. HP: 43/43 MP: 6/6
  3251 | Sewer    | HP: 10/43 [bullfrog (8)]
  3255 | Sewer    | Reached skill level 5 in Unarmed Combat
  3703 | D:4      | Found a bloodstained altar of Trog.
  3791 | Temple   | Entered the Ecumenical Temple
  3835 | Temple   | Became a worshipper of Makhleb the Destroyer
  3891 | D:5      | Entered Level 5 of the Dungeon
  3899 | D:5      | Reached skill level 1 in Invocations
  3899 | D:5      | Reached skill level 5 in Shapeshifting
  3899 | D:5      | Reached XP level 7. HP: 45/48 MP: 7/7
  4020 | D:5      | Reached skill level 6 in Unarmed Combat
  4020 | D:5      | Reached skill level 2 in Invocations
  4224 | D:5      | Found an iron altar of Okawaru.
  4242 | D:5      | Reached skill level 3 in Invocations
  4501 | D:5      | Found a shimmering blue altar of Sif Muna.
  4635 | D:5      | Reached skill level 4 in Invocations
  4636 | D:5      | Reached skill level 7 in Unarmed Combat
  4642 | D:5      | Reached XP level 8. HP: 41/54 MP: 9/11
  5127 | D:6      | Reached skill level 5 in Invocations
  5127 | D:6      | Reached skill level 6 in Shapeshifting
  5251 | D:6      | Reached * piety under Makhleb
  5254 | D:6      | Noticed Prince Ribbit
  5267 | D:6      | Killed Prince Ribbit
  5268 | D:6      | Reached skill level 8 in Unarmed Combat
  5277 | D:6      | Found an ornate altar of the Wu Jian Council.
  5332 | D:6      | Reached skill level 6 in Invocations
  5501 | D:6      | Noticed Menkaure
  5510 | D:6      | Killed Menkaure
  5547 | D:6      | Found an opulent altar of Gozag.
  5732 | D:6      | Reached XP level 9. HP: 54/59 MP: 12/14
  5737 | D:6      | Reached skill level 9 in Unarmed Combat
  5746 | D:6      | Reached skill level 7 in Invocations
  5795 | D:6      | Found a transporter.
  5796 | D:6      | Noticed wormstring's ghost (novice DsSh)
  5798 | D:6      | Identified the +4 dire flail "Impbane" {protect, Will+}
  5798 | D:6      | Identified the +7 dire flail of Qozomipp {drain, rElec rN++
                  | Str-2 Int+3}
  5798 | D:6      | Noticed a two-headed ogre
  5811 | D:6      | Found a transporter.
  6152 | D:7      | Reached skill level 7 in Shapeshifting
  6162 | D:7      | HP: 8/59 [orc priest/+0 great mace (8)]
  6350 | D:7      | Reached skill level 8 in Invocations
  6365 | D:7      | Reached skill level 10 in Unarmed Combat
  6730 | D:7      | Reached skill level 9 in Invocations
  6898 | D:7      | Reached ** piety under Makhleb
  7001 | D:7      | Found a basalt altar of Yredelemnul.
  7139 | D:8      | Found a sand-covered staircase.
  7157 | Ossuary  | Entered an ossuary
  7210 | Ossuary  | Reached skill level 1 in Armour
  7366 | D:8      | Found a snail-covered altar of Cheibriados.
  7471 | D:8      | Paralysed by a hornet for 3 turns
  7472 | D:8      | HP: 12/61 [poisoned by a hornet]
  7476 | D:8      | Paralysed by a hornet for 3 turns
  7486 | D:8      | Reached skill level 2 in Fighting
  7486 | D:8      | Reached skill level 2 in Armour
  7606 | D:8      | Reached skill level 3 in Fighting
  7665 | D:8      | Found a staircase to the Lair.
  7676 | D:8      | Found Keen's Book Shop.
  7750 | D:8      | Found Unun's Weapon Boutique.
  7817 | D:8      | Noticed Joseph
  7841 | D:8      | Killed Joseph
  7842 | D:8      | Reached skill level 4 in Fighting
  7842 | D:8      | Reached skill level 3 in Armour
  7842 | D:8      | Reached XP level 10. HP: 43/71 MP: 16/16
  7993 | D:8      | Found Lutem's General Store.
  8250 | Lair:1   | Entered Level 1 of the Lair of Beasts
  8250 | Lair:1   | Noticed Nergalle
  8476 | D:9      | Noticed a soul eater
  8476 | D:9      | Noticed a soul eater
  8485 | D:9      | Reached *** piety under Makhleb
  8486 | D:9      | Reached skill level 4 in Armour
  8495 | D:9      | Reached skill level 5 in Fighting
  8672 | D:9      | Reached skill level 5 in Armour
  8684 | D:9      | Reached skill level 6 in Fighting
  8724 | D:9      | HP: 19/77 [yak (12)]
  8727 | D:9      | HP: 6/77 [yak (11)]
  8731 | D:9      | Reached skill level 6 in Armour
  8987 | D:9      | You add the spells Sting, Poisonous Vapours and Olgreb's
                  | Toxic Radiance to your library.
  9001 | D:9      | Found a staircase to the Orcish Mines.
  9056 | D:9      | Reached skill level 7 in Fighting
  9127 | D:9      | Reached **** piety under Makhleb
  9549 | D:10     | Entered Level 10 of the Dungeon
  9685 | D:10     | Gained mutation: You regenerate health from kills. [demonic
                  | ancestry]
  9685 | D:10     | Reached XP level 11. HP: 76/84 MP: 17/17
 10153 | D:10     | Reached skill level 2 in Dodging
 10253 | D:10     | Reached skill level 7 in Armour
 10414 | D:10     | Found a hazy altar of Hepliaklqana.
 10424 | D:10     | Reached skill level 8 in Fighting
 10425 | D:10     | HP: 19/86 [gargoyle/+0 flail (14)]
 10598 | D:10     | Found a stormy altar of Qazlal.
 10728 | D:11     | Found a bloodstained altar of Trog.
 10837 | D:11     | Reached skill level 3 in Dodging
 10982 | D:11     | Found a transporter.
 11018 | D:11     | HP: 17/86 [poisoned by a kobold brigand (curare-tipped
                  | dart)]
 11019 | D:11     | HP: 8/86 [poisoned by a kobold brigand]
 11019 | D:11     | HP: 1/86 [kobold brigand/+0 club (5)]
 11019 | D:11     | Mangled by a kobold brigand

Vanquished Creatures
  Joseph (D:8)
  A gargoyle (D:10)
  A kobold demonologist (D:9)
  A hornet (D:8)
  3 trolls
  Prince Ribbit (D:6)
  15 yaks (D:9)
  2 steam dragons
  2 vampire mosquitoes (D:10)
  Menkaure (D:6)
  2 sky beasts
  3 ice beasts
  A black bear (D:5)
  9 orc warriors
  2 ogres
  3 centaurs (D:10)
  A phantom (D:5)
  2 kobold brigands
  4 bullfrogs
  2 scorpions
  A gnoll sergeant (D:9)
  6 killer bees
  5 hounds
  3 jellies
  12 orc priests
  A sleepcap (D:7)
  4 iguanas
  13 orc wizards
  8 mummies (Ossuary)
  16 adders
  11 gnolls
  A shadow imp (D:7)
  A white imp (D:7)
  An ufetubus (D:7)
  3 worms
  6 dart slugs
  38 orcs
  9 ball pythons
  4 bats
  11 endoplasms
  10 giant cockroaches
  10 goblins
  11 hobgoblins
  11 quokkas
  12 frilled lizards
  3 hobgoblin zombies (Ossuary)
  18 kobolds
  5 orc zombies (Ossuary)
  5 rats
  A spectral orc (D:7)
297 creatures vanquished.

Vanquished Creatures (collateral kills)
  An acid dragon (D:9)
1 creature vanquished.

Grand Total: 298 creatures vanquished

Table legend:
 A = Non-vault XP
 B = Vault XP
 C = Vault XP percentage of total XP
 D = Non-vault monster count
 E = Vault monster count
 F = Vault count percentage of total count
                 A         B        C        D         E       F
            +---------+---------+-------+---------+---------+-------
      Total |   10455 |    2592 |  19.9 |     211 |      87 |  29.2
            +---------+---------+-------+---------+---------+-------
        D:1 |      33 |       0 |   0.0 |      18 |       0 |   0.0
        D:2 |      57 |      33 |  36.7 |      18 |       5 |  21.7
        D:3 |      86 |      27 |  23.9 |      24 |       7 |  22.6
        D:4 |      94 |      15 |  13.8 |       9 |       2 |  18.2
        D:5 |     994 |       0 |   0.0 |      23 |       0 |   0.0
        D:6 |    1018 |     448 |  30.6 |      22 |       2 |   8.3
        D:7 |    1120 |       1 |   0.1 |      25 |       1 |   3.8
        D:8 |     922 |     454 |  33.0 |      15 |       2 |  11.8
        D:9 |    4321 |     462 |   9.7 |      41 |      12 |  22.6
       D:10 |    1509 |     698 |  31.6 |      15 |       2 |  11.8
       D:11 |     301 |       0 |   0.0 |       1 |       0 |   0.0
      Sewer |       0 |     304 | 100.0 |       0 |      38 | 100.0
    Ossuary |       0 |     150 | 100.0 |       0 |      16 | 100.0
            +---------+---------+-------+---------+---------+-------

Skill      XL: |  1  2  3  4  5  6  7  8  9 10 11 |
---------------+----------------------------------+-----
Unarmed Combat | 3 4 5 7 8 10 | 10.1
Shapeshifting  | 3 4 5 6 7 |  7.0
Invocations    | 1 4 6 9 |  9.0
Armour         | 3 6 7 |  7.0
Fighting       | 4 7 8 |  8.2
Dodging        | 3 |  3.1

Action                     |  1- 3 |  4- 6 |  7- 9 | 10-12 || total
---------------------------+-------+-------+-------+-------++-------
  Melee: Unarmed           |   113 |   277 |   359 |   327 ||  1076
         Punch             |     3 |     4 |    22 |    22 ||    51
    Use: Potion            |     2 |     3 |    10 |     1 ||    16
         Scroll            |       |       |     2 |    13 ||    15
   Stab: Sleeping          |       |     2 |       |       ||     2
 Armour: Animal skin       |    19 |    64 |     1 |       ||    84
         Skin              |       |    48 |       |       ||    48
         Plate armour      |       |       |   266 |   255 ||   521
  Dodge: Dodged            |    88 |   177 |   199 |   130 ||   594

Illustrated notes

Table legend:
 A = Kills in this place as a percentage of kills in the entire game.
 B = Kills by you in this place as a percentage of kills by you in the entire game.
 C = Kills by friends in this place as a percentage of kills by friends in the entire game.
 D = Other kills in this place as a percentage of other kills in the entire game.
 E = Experience gained in this place as a percentage of experience gained in the entire game.
 F = Experience gained in this place divided by the number of levels of this place that you have seen.
                   A       B       C       D       E      F
               +-------+-------+-------+-------+-------+----------------------
         Total | 100.0 | 100.0 | 100.0 |   N/A | 100.0 | 869.8
       Dungeon |  81.9 |  81.8 | 100.0 |   N/A |  96.5 | 1144.8
         Sewer |  12.8 |  12.8 |   0.0 |   N/A |   2.3 | 304.0
       Ossuary |   5.4 |   5.4 |   0.0 |   N/A |   1.1 | 150.0
               +-------+-------+-------+-------+-------+----------------------

Table legend: (Time is in decaauts)
 A = Elapsed time spent in this place.
 B = Non-inter-level travel time spent in this place.
 C = Inter-level travel time spent in this place.
 D = Time resting spent in this place.
 E = Time spent auto-exploring this place.
 F = Levels seen in this place.
 G = Mean time per level.
                   A        B        C        D        E       F      G
               +--------+--------+--------+--------+--------+-----+--------+
         Total |  10941 |  10569 |    372 |    170 |   8165 |  15 |  729.4 |
       Dungeon |  10054 |   9695 |    359 |    170 |   7720 |  11 |  914.0 |
        Temple |     55 |     42 |     13 |      0 |      0 |   1 |   55.0 |
          Lair |      1 |      1 |      0 |      0 |      0 |   1 |    1.0 |
         Sewer |    641 |    641 |      0 |      0 |    345 |   1 |  641.0 |
       Ossuary |    189 |    189 |      0 |      0 |    100 |   1 |  189.0 |
               +--------+--------+--------+--------+--------+-----+--------+

Top non-repeatable levels by time:
     D:7: 1201 daAuts
    D:10: 1200 daAuts
     D:5: 1198 daAuts
     D:8: 1085 daAuts
     D:9: 1080 daAuts
     D:2: 950 daAuts
     D:1: 879 daAuts
     D:6: 793 daAuts
     D:4: 746 daAuts
     D:3: 661 daAuts
   Sewer: 641 daAuts
    D:11: 256 daAuts
 Ossuary: 189 daAuts
  Temple: 55 daAuts
  Lair:1: 1 daAuts
